 Dungeon Crawl Stone Soup version 0.30-a0-586-g23e55c9e0a (webtiles) character file.

Game seed: 16848269457096772739

0 Sabo the Trooper (level 1, -1/18 HPs)
             Began as a Demonspawn Berserker on Jan 3, 2023.
             Was a Follower of Trog.
             Slain by a hobgoblin (3 damage)
             ... on level 1 of the Dungeon.
             The game lasted 00:00:25 (76 turns).

Sabo the Trooper (Demonspawn Berserker)               Turns: 76, Time: 00:00:25

Health: -1/18      AC:  2    Str: 17    XL:     1   Next: 8%
Magic:  1/1        EV: 12    Int:  8    God:    Trog [*.....]
Gold:   11         SH:  0    Dex: 12    Spells: 0/0 levels left

rFire   . . .      SeeInvis .    a - +0 hand axe
rCold   . . .      Faith    .    (no shield)
rNeg    . . .      Spirit   .    b - +0 animal skin
rPois   .          Reflect  .    (no helmet)
rElec   .          Harm     .    (no cloak)
rCorr   .          Rampage  .    (no gloves)
Will    .....                    (no boots)
Stlth   +                        (no amulet)
HPRegen 0.23/turn                (no ring)
MPRegen 0.07/turn                (no ring)

@: no status effects
A: no striking features
a: Renounce Religion, Berserk


You were on level 1 of the Dungeon.
You worshipped Trog.
Trog was aware of your devotion.
You visited 1 branch of the dungeon, and saw 1 of its levels.

You collected 11 gold pieces.

Inventory:

Hand Weapons
 a - a +0 hand axe (weapon)
Armour
 b - a +0 animal skin (worn)


   Skills:
 + Level 3.0 Fighting
 + Level 2.7 Axes
 + Level 1.7 Armour
 + Level 1.7 Dodging


You couldn't memorise any spells.
You didn't know any spells.
Your spell library was empty.

Dungeon Overview and Level Annotations

Branches:
Dungeon (1/15)

Altars:


Message History

HP restored.
You see here a staff of air.
You open the door.
There is an open door here.
There is a fountain of clear blue water here.
There is a staircase leading out of the dungeon here.
There is a fountain of clear blue water here.
You open the door.
Found 11 gold pieces.
There is an open door here.
You now have 11 gold pieces.
A kobold comes into view. It is wielding a +0 short sword.
Found 2 gold pieces.
A hobgoblin comes into view.
The hobgoblin shouts!
The kobold shouts!
The kobold throws a stone.
The stone hits you but does no damage.
Found a great sword.
A hobgoblin comes into view.
The kobold throws a stone.
The stone misses you. The kobold closely misses you.
A rat comes into view.
You barely miss the kobold. The kobold misses you.
You closely miss the kobold. The kobold closely misses you.
You hit the kobold.
The kobold is heavily wounded.
You hit the hobgoblin but do no damage. The hobgoblin hits you.
The kobold barely misses you.
You barely miss the kobold.
The kobold is heavily wounded.
You hit the hobgoblin. You closely miss the hobgoblin. The hobgoblin hits you.
The kobold hits you but does no damage. The hobgoblin barely misses you.
You hit the kobold but do no damage.
The kobold is heavily wounded.
You hit the hobgoblin but do no damage. You barely miss the hobgoblin.
The hobgoblin closely misses you.
The kobold hits you with a +0 short sword.
The hobgoblin closely misses you. The hobgoblin hits you.
* * * LOW HITPOINT WARNING * * *
The hobgoblin hits you.
You die...

#.#
##..#+#..###
#.# #..#
#....## #.#
..## ##....#
.## ##.#.## #.
...#..# .# ..
#.####.###..#
... #.....#
#..######.###.#
#....K@g..#
#.##.g....#
........#.....
###..........).
#.###.........
#.. #.##......
... ..# ......
### .## #.....


You could see 2 hobgoblins and a kobold.

Vanquished Creatures
  A kobold (D:1)
1 creature vanquished.

Notes
Turn   | Place    | Note
-------+----------+-------------------------------------------
     0 | D:1      | Sabo the Demonspawn Berserker began the quest for the Orb.
     0 | D:1      | Reached XP level 1. HP: 18/18 MP: 1/1
    76 | D:1      | Slain by a hobgoblin

Illustrated notes

Levels and vault maps discovered:
D:1:      grunt_arrival_crossed_arrows, layout_rooms, kennysheep_boxes

Action                   || total
-------------------------++-------
Melee: Hand axe          ||     7
Armor: Animal skin       ||     3
Dodge: Dodged            ||    10

Table legend: (Time is in decaauts)
 A = Elapsed time spent in this place.
 B = Non-inter-level travel time spent in this place.
 C = Inter-level travel time spent in this place.
 D = Time resting spent in this place.
 E = Time spent auto-exploring this place.
 F = Levels seen in this place.
 G = Mean time per level.
                   A        B        C        D        E       F      G
               +--------+--------+--------+--------+--------+-----+--------+
         Total |     76 |     76 |      0 |      4 |      0 |   1 |   76.0 |
       Dungeon |     76 |     76 |      0 |      4 |      0 |   1 |   76.0 |
               +--------+--------+--------+--------+--------+-----+--------+

Top non-repeatable levels by time:
     D:1: 76 daAuts
